 Dungeon Sprint DCSS version 0.29.1-2-gbd0b4ee654 (webtiles) character file.

Game seed: 14760461025895532698

1754 Zeld the Severer (level 8, -10/123 HPs)
             Began as a Minotaur Berserker on Oct 26, 2022.
             Was a High Priest of Trog.
             Mangled by a yaktaur captain (28 damage)
             ... in the Dungeon (Sprint II: "The Violet Keep of Menkaure").
             The game lasted 00:03:43 (1176 turns).

Zeld the Severer (Minotaur Berserker)               Turns: 1176, Time: 00:03:44

Health: -10/123    AC:  2    Str: 29    XL:     8   Next: 78%
Magic:  7/7        EV: 15    Int:  4    God:    Trog [*****.]
Gold:   63         SH:  0    Dex: 11    Spells: 7/7 levels left

rFire   . . .      SeeInvis .   a - +0 hand axe
rCold   . . .      Faith    .   (no shield)
rNeg    . . .      Spirit   .   b - +0 animal skin
rPois   .          Reflect  .   (helmet restricted)
rElec   .          Harm     .   (no cloak)
rCorr   .          Rampage  .   (no gloves)
Will    .....      NoTele   +   (no boots)
Stlth   ..........              (no amulet)
HPRegen 0.30/turn               i - +6 ring of strength
MPRegen 0.10/turn               (no ring)

@: berserking, very quick
A: horns 2, retaliatory headbutt, subdued magic 1
a: Renounce Religion, Berserk, Trog's Hand, Brothers in Arms


You were in the Dungeon.
You worshipped Trog.
Trog was extremely pleased with you.
You visited 1 branch You collected 972 gold pieces.
You spent 909 gold pieces at shops.

Inventory:

Hand Weapons
 a - a +0 hand axe (weapon)
Armour
 b - a +0 animal skin (worn)
Jewellery
 i - a +6 ring of strength (left hand)
Scrolls
 h - a scroll of blinking
 j - a scroll of enchant armour
 k - a scroll of fear
Potions
 c - 6 potions of curing
 d - a potion of heal wounds
 e - 2 potions of haste
 f - 2 potions of magic
 g - a potion of berserk rage


   Skills:
 + Level 11.2 Fighting
 * Level 15.1 Axes
 + Level 10.9 Armour
 + Level 10.0 Dodging


You had 7 spell levels left.
You didn't know any spells.
Your spell library was empty.

Dungeon Overview and Level Annotations

Branches:
Dungeon (1/1)

Altars:

Shops:
D :[(((===[=:!?=!

Annotations:
D exclusion: oklob plant, Kirke, Roxanne


Innate Abilities, Weirdness & Mutations

You have a pair of horns on your head.
You reflexively headbutt those who attack you in melee.
Your spells are a little easier to cast, but a little less powerful.


Message History

The skeletal warrior is almost destroyed.
You hit the skeletal warrior.
The skeletal warrior is almost destroyed.
The skeletal warrior hits you with a +0 battleaxe!!
* * * LOW HITPOINT WARNING * * *
Unknown command.
You closely miss the skeletal warrior.
Your headbutt misses the skeletal warrior.
The skeletal warrior is almost destroyed.
Unknown command.
You hit the skeletal warrior but do no damage.
You headbutt the skeletal warrior.
The skeletal warrior is almost destroyed.
You hit the kobold demonologist.
Unknown command.
You slice the skeletal warrior!!
You destroy the skeletal warrior!
Trog accepts your kill.
You slash the kobold demonologist!
The kobold demonologist hits you with a +0 dagger.
* * * LOW HITPOINT WARNING * * *
Your Fighting skill increases to level 11!
Your Axes skill increases to level 15!
Your Dodging skill increases to level 10!
Unknown command.
You slash the yaktaur captain!
The yaktaur captain is moderately wounded.
You slash the kobold demonologist!
Unknown command.
You slice the yaktaur captain!! You headbutt the yaktaur captain!!
The yaktaur captain is severely wounded.
You closely miss the kobold demonologist.
Unknown command.
You hit the yaktaur captain.
Your headbutt misses the yaktaur captain.
The yaktaur captain is severely wounded.
You slash the kobold demonologist!
The yaktaur captain unwields a +0 hand crossbow.
The yaktaur captain hits you!!
You die...

Kc.~## ≈≈SS≈
#######~~#+++#+++##
######~~~cz....z..#
..∩.∩#~~~~.##+##..#
.∩.∩.#~~~~##..###.####
∩.∩..#~~~~#..##.#....#
.∩...#~~####.#.####..##
∩....#÷##.###+###c##..#
.∩...#~#.#.##.##@#.#..#
..∩..'~'###'.<.K.##'..###
.∩.∩.#~#.#.##.##..##....###.
▓▓▓###~##.###+###.##......~~
######~~####†#.####~~.....~#
#D ##~~~#..#..#§§~~~~~..~#
+? #÷#~###.###§~§§§~§~.~#
#)# #.#~~##+##§~~§§§~~~~~#
####~~~~~~~~~§≈§≈§~~~#


You could see a yaktaur captain and a kobold demonologist.

Vanquished Creatures
  A skeletal warrior (D)
  2 wyverns (D)
  4 neqoxecs (D)
  Menkaure (D)
  A water moccasin (D)
  4 scorpions (D)
  A hell rat (D)
  3 worms (D)
17 creatures vanquished.

Vanquished Creatures (others)
  A water moccasin (D)
1 creature vanquished.

Grand Total: 18 creatures vanquished

Notes
Turn   | Place    | Note
-------+----------+-------------------------------------------
     0 | D        | Zeld the Minotaur Berserker began the quest for the Orb.
     0 | D        | Reached XP level 1. HP: 19/19 MP: 0/0
     1 | D        | Noticed a wyvern
     1 | D        | Noticed a wyvern
     5 | D        | Noticed a scorpion
     5 | D        | Noticed a scorpion
     5 | D        | Noticed a scorpion
     5 | D        | Noticed a scorpion
     8 | D        | Killed a scorpion
     9 | D        | Reached skill level 5 in Fighting
     9 | D        | Reached skill level 6 in Axes
     9 | D        | Reached XP level 2. HP: 29/29 MP: 1/1
     9 | D        | Reached XP level 3. HP: 36/36 MP: 2/2
    12 | D        | Killed a scorpion
    13 | D        | Reached skill level 8 in Axes
    13 | D        | Reached skill level 5 in Armour
    13 | D        | Reached skill level 5 in Dodging
    13 | D        | Reached XP level 4. HP: 44/44 MP: 3/3
    16 | D        | Killed a scorpion
    16 | D        | Reached ** piety under Trog
    17 | D        | Reached skill level 9 in Axes
    17 | D        | Reached XP level 5. HP: 51/51 MP: 4/4
    56 | D        | Noticed Menkaure
    92 | D        | Killed Menkaure
    93 | D        | Reached skill level 10 in Axes
    93 | D        | Reached XP level 6. HP: 60/61 MP: 5/5
    93 | D        | Identified Roxanne's Grimoire of Transfiguration
    93 | D        | Noticed Roxanne
   291 | D        | Reached *** piety under Trog
   332 | D        | Noticed a neqoxec
   332 | D        | Noticed a neqoxec
   332 | D        | Noticed a neqoxec
   332 | D        | Noticed a neqoxec
   342 | D        | Gained mutation: Your spells are a little easier to cast,
                  | but a little less powerful. [a neqoxec]
   346 | D        | Killed a neqoxec
   347 | D        | Reached skill level 11 in Axes
   352 | D        | Killed a neqoxec
   353 | D        | Reached skill level 12 in Axes
   353 | D        | Reached XP level 7. HP: 70/70 MP: 6/6
   359 | D        | Killed a neqoxec
   359 | D        | Reached **** piety under Trog
   360 | D        | Killed a neqoxec
   361 | D        | Reached skill level 13 in Axes
   682 | D        | Killed a wyvern
   683 | D        | Reached skill level 10 in Fighting
   684 | D        | Killed a wyvern
   685 | D        | Reached XP level 8. HP: 79/79 MP: 7/7
   700 | D        | Found Irymm's Jewellery Shoppe.
   700 | D        | Found Nainil's Book Shoppe.
   700 | D        | Found Aroifrom's Magic Scroll Shoppe.
   700 | D        | Found Tuoh's Jewellery Emporium.
   700 | D        | Found Idikuschu's Distillery.
   700 | D        | Found Inanatt's Jewellery Emporium.
   732 | D        | Found Avaosoem's Jewellery Emporium.
   732 | D        | Found Liuleetz's Antique Armour Shoppe.
   732 | D        | Found Luitrooj's Jewellery Emporium.
   732 | D        | Found Renareist's Antique Weapon Shoppe.
   732 | D        | Found Poonim's Weapon Emporium.
   733 | D        | Found Vabreap's Distillery.
   733 | D        | Found Qusi's Antique Weapon Shoppe.
   733 | D        | Found Yclahoge's Antique Armour Emporium.
   892 | D        | Noticed an oklob plant
   903 | D        | Reached ***** piety under Trog
   904 | D        | Reached skill level 14 in Axes
   904 | D        | Reached skill level 10 in Armour
   911 | D        | Found Bibeoc's Book Shoppe.
  1074 | D        | Bought a potion of heal wounds for 70 gold pieces
  1074 | D        | Bought a potion of curing for 42 gold pieces
  1075 | D        | Bought a +6 ring of strength for 504 gold pieces
  1076 | D        | Noticed an ice dragon
  1098 | D        | Bought 2 potions of curing for 72 gold pieces
  1098 | D        | Bought a potion of curing for 36 gold pieces
  1098 | D        | Bought a potion of curing for 36 gold pieces
  1099 | D        | Bought a scroll of enchant armour for 97 gold pieces
  1099 | D        | Bought a scroll of fear for 52 gold pieces
  1136 | D        | Noticed Kirke
  1136 | D        | Noticed a yaktaur captain
  1136 | D        | Noticed a skeletal warrior
  1136 | D        | Noticed a kobold demonologist
  1136 | D        | Noticed a centaur warrior
  1173 | D        | Killed a skeletal warrior
  1174 | D        | Reached skill level 15 in Axes
  1174 | D        | Reached skill level 10 in Dodging
  1176 | D        | Mangled by a yaktaur captain

Illustrated notes

Levels and vault maps discovered:
D:        the_violet_keep_of_menkaure [sprint2_stairs_cluster_1,
          sprint2_shoproom, sprint2_temple, sprint2_basic_supplies,
          sprint2_obstacle_6, sprint2_obstacle_1, sprint2_obstacle_5,
          sprint2_obstacle_3, sprint2_obstacle_2, sprint2_timed_cluster_1,
          sprint2_smallroom_cluster_1, sprint2_smallroom_final_cluster_1,
          sprint2_transparent_cluster_1, sprint2_second_timed_cluster_1,
          sprint2_sniper_area_1, sprint2_heavy_combat_area_1,
          sprint2_mutation_trap_area_1, sprint2_forest_area_1,
          sprint2_light_combat_area_1, sprint2_behind_water_1,
          sprint2_near_end_vault_1]

Skill      XL: |  1  2  3  4  5  6  7  8 |
---------------+-------------------------+-----
Fighting       | 5 6 7 9 10 11 | 11.2
Axes           | 6 8 9 10 12 13 15 | 15.1
Armour         | 4 5 6 7 8 9 10 | 10.9
Dodging        | 4 5 6 7 9 10 | 10.0

Action                   |  1- 3 |  4- 6 |  7- 9 || total
-------------------------+-------+-------+-------++-------
Melee: Hand axe          |     6 |    32 |    46 ||    84
       Headbutt          |       |     2 |    11 ||    13
Invok: Berserk           |     1 |     3 |     2 ||     6
       Trog's Hand       |       |       |     1 ||     1
  Use: Potion            |       |       |     1 ||     1
Armor: Animal skin       |     1 |     2 |     2 ||     5
Dodge: Dodged            |     2 |     7 |    20 ||    29
